 Dungeon Crawl Stone Soup version 0.31.0-9-g3a7656b989 (webtiles) character file.

Game seed: 11320616137929807150

21 qw the Shooter (level 2, -3/16 HPs)
             Began as a Deep Elf Hunter on Feb 2, 2024.
             Slain by an orc priest
             ... wielding a +0 short sword
              (5 damage)
             ... on level 2 of the Dungeon.
             The game lasted 00:00:01 (482 turns).

qw the Shooter (Deep Elf Hunter)                     Turns: 482, Time: 00:00:02

Health: -3/16      AC:  5    Str:  8    XL:     2   Next: 62%
Magic:  4/4        EV: 12    Int: 13    God:
Gold:   62         SH:  0    Dex: 18    Spells: 1/1 levels left

rFire   . . .        a - +0 shortbow
rCold   . . .        (shield currently unavailable)
rNeg    . . .        c - +0 leather armour
rPois   .            h - +2 hat {SInv}
rElec   .            (no cloak)
rCorr   .            (no gloves)
SInv    +            (no boots)
Will    .....        (no amulet)
Stlth   ++           (no ring)
HPRegen 0.22/turn    (no ring)
MPRegen 0.09/turn

%: no passive effects
@: no status effects
A: no striking features
a: no special abilities


You were on level 2 of the Dungeon.
You visited 1 branch of the dungeon, and saw 2 of its levels.

You collected 62 gold pieces.


   Skills:
 - Level 1.5 Fighting
 + Level 6.4 Ranged Weapons
 - Level 2.4 Dodging
 - Level 1.2 Stealth


You had one spell level left.
You didn't know any spells.
Your spell library was empty.

Inventory:

Hand Weapons
 a - a +0 shortbow (weapon)
Armour
 c - a +0 leather armour (worn)
 h - a +2 hat of see invisible (worn)
Jewellery
 m - a ring of fire
Potions
 e - a potion of haste {unknown}
 f - a potion of degeneration {unknown}
 g - a potion of attraction {unknown}
 i - a potion of brilliance {unknown}
 l - a potion of curing {unknown}
 n - a potion of resistance {unknown}

Dungeon Overview and Level Annotations

Branches:
Dungeon (2/15)

Altars:

Shops:
D:1 (


Message History

You shoot an arrow.
The arrow hits the orc but does no damage.
The orc is heavily wounded.
The orc priest casts a cantrip, but nothing happens.
The orc hits you but does no damage.
You shoot an arrow.
The arrow hits the orc but does no damage.
The orc is heavily wounded.
The orc completely misses you.
The orc priest looks braver for a moment.
You shoot an arrow. The arrow hits the orc priest.
The orc priest is moderately wounded.
The orc priest misses you. The orc wizard misses you.
You shoot an arrow. The arrow hits the orc priest.
The orc priest is moderately wounded.
The orc priest calls upon Beogh to heal the orc.
The orc's wounds heal themselves!
The orc wizard hits you with a +0 dagger.
You shoot an arrow. The arrow hits the orc priest.
The orc priest is moderately wounded.
The orc priest misses you. The orc wizard misses you.
You shoot an arrow. The arrow hits the orc priest.
The orc priest is heavily wounded.
The orc priest barely misses you.
The orc wizard hits you with a +0 dagger.
You shoot an arrow. The arrow hits the orc priest.
The orc priest is severely wounded.
The orc priest misses you. The orc wizard closely misses you.
You shoot an arrow. The arrow barely misses the orc priest.
The orc priest invokes the aid of Beogh against you.
Pain shoots through your body!
The orc wizard hits you but does no damage.
You shoot an arrow.
The arrow completely misses the orc priest.
The orc priest hits you with a +0 short sword.
The orc wizard hits you with a +0 dagger.
You shoot an arrow. The arrow hits the orc priest.
The orc priest is severely wounded.
The orc priest hits you with a +0 short sword.
You die...

#..........
#o...########.########.
+.........>.......#....
#..oo ##......###.#....
#.... #.#...#...~.....
#.... #.....#..~7~~...
#.... #....##..#~7~...
#...o####....#..#~P##.#
#...oo@.'.......#......
#....o###......##.. ..#
#....$# #.[.#...... ..
....#..7. #...#.##### #
......7 P ....#..
..PP.7 7..#..#### .PP..
.##..# ... .# ...


You could see an orc priest, an orc wizard (invisible) and 2 orcs.

Vanquished Creatures
  An orc (D:2)
  2 ball pythons (D:1)
  An endoplasm (D:1)
  4 goblins (D:1)
  3 hobgoblins
  3 frilled lizards (D:1)
  3 kobolds (D:1)
  A rat (D:1)
18 creatures vanquished.

Notes
Turn   | Place    | Note
-------+----------+-------------------------------------------
     0 | D:1      | qw the Deep Elf Hunter began the quest for the Orb.
     0 | D:1      | Reached XP level 1. HP: 12/12 MP: 3/3
     0 | D:1      | 0 ||| qw: Version: 0.3-a-155-g5e7d8dd
     0 | D:1      | 0 ||| qw: Game counter: 1723
     0 | D:1      | 0 ||| qw: Melee chars always use a shield: true
     0 | D:1      | 0 ||| qw: God list: Okawaru
     0 | D:1      | 0 ||| qw: Allow faded altars: false
     0 | D:1      | 0 ||| qw: Do Orc after clearing Dungeon:15 true
     0 | D:1      | 0 ||| qw: Do second Lair branch before Depths: true
     0 | D:1      | 0 ||| qw: Lair rune preference: random
     0 | D:1      | 0 ||| qw: Goals: Normal
     0 | D:1      | 0 ||| PLANNING D:1-11
   178 | D:1      | Found Erphou's Weapon Shop.
   201 | D:1      | Reached XP level 2. HP: 16/16 MP: 4/4
   218 | D:1      | Reached skill level 6 in Ranged Weapons
   419 | D:1      | 419 ||| UPGRADING to +1 hat of see invisible.
   424 | D:1      | 424 ||| READING scroll labelled MECZEI CYECKACY.
   427 | D:1      | 427 ||| READING scroll labelled NIREG LUPNE.
   427 | D:1      | 427 ||| ENCHANTING +1 hat of see invisible.
   428 | D:1      | 428 ||| READING scroll labelled USUYXEFUD.
   429 | D:1      | 429 ||| DROPPING scroll of butterflies.
   468 | D:2      | 468 ||| RETREEEEATING.
   481 | D:2      | HP: 3/16 [orc priest/+0 short sword (4)]
   481 | D:2      | HP: 1/16 [orc wizard/+0 dagger (2)]
   482 | D:2      | Slain by an orc priest

Levels and vault maps discovered:
D:1:      hellmonk_arrival_library, layout_rooms, serial_shops, shop
D:2:      layout_basic, serial_forest, infiniplex_forest_end_3,
          infiniplex_forest_clump_long, infiniplex_forest_clump_double,
          infiniplex_forest_clump_tiny, infiniplex_forest_clump_large,
          basic_altar, serial_bayou_pond_d, guppyfry_early_orc_mine

Skill      XL: |  1  2 |
---------------+-------+-----
Ranged Weapons | 6 |  6.4
Fighting       | |  1.5
Dodging        | |  2.4
Stealth        | |  1.2

Action                     || total
---------------------------++-------
   Fire: Shortbow          ||    49
    Use: Scroll            ||     3
 Armour: Leather armour    ||     8
  Dodge: Dodged            ||    10

Table legend:
 A = Non-vault XP
 B = Vault XP
 C = Vault XP percentage of total XP
 D = Non-vault monster count
 E = Vault monster count
 F = Vault count percentage of total count
                 A         B        C        D         E       F
            +---------+---------+-------+---------+---------+-------
      Total |      30 |       0 |   0.0 |      18 |       0 |   0.0
            +---------+---------+-------+---------+---------+-------
        D:1 |      25 |       0 |   0.0 |      16 |       0 |   0.0
        D:2 |       5 |       0 |   0.0 |       2 |       0 |   0.0
            +---------+---------+-------+---------+---------+-------
